 Dungeon Crawl Stone Soup version 0.31.0-12-g77e489cdc1 (webtiles) character file.

Game seed: 10907594908921003818

220 Peloso the Slasher (level 5, -3/47 HPs)
             Began as a Minotaur Fighter on Feb 27, 2024.
             Was an Initiate of Okawaru.
             Killed from afar by an orc wizard (11 damage)
             ... with a puff of flame
             ... on level 3 of the Dungeon.
             The game lasted 00:03:24 (1840 turns).

Peloso the Slasher (Minotaur Fighter)               Turns: 1840, Time: 00:03:24

Health: -3/47      AC:  7    Str: 21    XL:     5   Next: 64%
Magic:  4/4        EV:  9    Int:  5    God:    Okawaru [......]
Gold:   163        SH:  5    Dex: 11    Spells: 4/4 levels left

rFire   . . .        a - +0 long sword
rCold   . . .        c - +0 buckler
rNeg    . . .        b - +0 scale mail
rPois   .            (helmet restricted)
rElec   .            (no cloak)
rCorr   .            (no gloves)
SInv    .            (no boots)
Will    .....        (no amulet) Stlth
                     (no ring)
HPRegen 0.27/turn    (no ring)
MPRegen 0.09/turn

%: no passive effects
@: no status effects
A: horns 2, retaliatory headbutt
a: Renounce Religion


You were on level 3 of the Dungeon.
You worshipped Okawaru.
Okawaru was noncommittal.
You visited 1 branch of the dungeon, and saw 3 of its levels.

You collected 163 gold pieces.

Inventory:

Hand Weapons
 a - a +0 long sword (weapon)
Armour
 b - a +0 scale mail (worn)
 c - a +0 buckler (worn)
Jewellery
 f - a ring of wizardry
Scrolls
 e - a scroll of brand weapon {unknown}
 g - a scroll of fog {unknown}
 h - a scroll of revelation
 j - a scroll of enchant armour {unknown}
 k - 2 scrolls of teleportation {unknown}
 l - a scroll of torment {unknown}
 n - a scroll of amnesia {unknown}
Potions
 d - a potion of might
 i - a potion of berserk rage
 m - a potion of curing


   Skills:
 + Level 4.7 Fighting
 + Level 4.8 Long Blades
 + Level 4.8 Armour
 + Level 0.7 Dodging
 + Level 0.1 Stealth
 + Level 4.5 Shields


You had 4 spell levels left.
You didn't know any spells.
Your spell library contained the following spells:

 Spells                   Type           Power      Damage    Failure   Level
 Blink                    Tloc           0%         N/A       95%         2
 Ensorcelled Hibernation  Hex/Ice        0%         N/A       95%         2
 Lesser Beckoning         Tloc           0%         N/A       95%         2
 Mercury Vapours          Alch/Air       0%         N/A       95%         2
 Momentum Strike          Conj/Tloc      0%         3d8       95%         2
 Mephitic Cloud           Conj/Alch/Air  0%         N/A       99%         3
 Passwall                 Erth           0%         N/A       99%         3
 Swiftness                Air            0%         N/A       99%         3
 Freezing Cloud           Conj/Ice/Air   0%         6-21      100%        5


Dungeon Overview and Level Annotations

Branches:
Dungeon (3/15)

Altars:
Dithmenos
Elyvilon
Fedhas
Gozag
Okawaru
Sif Muna
Wu Jian


Innate Abilities, Weirdness & Mutations

You have a pair of horns on your head.
You reflexively headbutt those who attack you in melee.


Message History

The magic dart hits you!
Unknown command.
You barely miss the orc wizard. You block the orc wizard's attack.
You hear some strange, mumbled words.
Something tries to affect you, but you resist.
Something hits you but does no damage. You block the orc wizard's attack.
Unknown command.
You hit the orc wizard.
The orc wizard is moderately wounded.
You block the orc wizard's attack.
You hear some strange, mumbled words.
A magic dart appears from out of thin air!
The magic dart hits you!
Unknown command.
You hit the orc wizard but do no damage.
Your headbutt misses the orc wizard.
The orc wizard is moderately wounded.
The orc wizard completely misses you. You furiously retaliate!
You headbutt the orc wizard, but do no damage.
Something hits you but does no damage.
Unknown command.
You slash the orc wizard! Your headbutt misses the orc wizard.
The orc wizard is severely wounded.
You block the orc wizard's attack. Something hits you.
Unknown command.
You hit the orc wizard.
The orc wizard is almost dead.
The orc wizard casts a spell at you. You resist with some effort.
Something hits you.
* * * LOW HITPOINT WARNING * * *
Unknown command.
You closely miss the orc wizard.
The orc wizard is almost dead.
The orc wizard points at you and mumbles some strange words.
The puff of flame hits you.
* * * LOW HITPOINT WARNING * * *
You hear some strange, mumbled words.
A puff of flame appears from out of thin air!
The puff of flame hits you!
You die...

#...# ######...+ ##.## #
#...# ##....# #.## ##.##
#.....# ########.## # #.#
####.⌠.⌠.# #.....###.###
##.### #.....⌠..+
#####†####.#. .....#
#.##.⌠.⌠.# ##..........#
##.#.####.##.....#
##..##.#######
##........###...o#..#####.#
#.÷.......# ##..@{._#####.#
#..#..##.## ##..#..#.....#
.##8..8### #### ########
##⌠...._#########
####..###.......#
##_....##.#####.#
.###..###.#####.#
.##....##....##.#
.###..###.##.##.#


You could see an orc wizard.

Vanquished Creatures
  An orc priest (D:3)
  An orc wizard (D:3)
  Natasha (thrice) (D:2)
  2 adders
  4 dart slugs
  6 orcs (D:3)
  4 ball pythons
  6 endoplasms
  3 giant cockroaches
  2 goblins (D:1)
  8 hobgoblins
  3 quokkas
  6 bats
  4 frilled lizards
  4 kobolds
  6 rats
63 creatures vanquished.

Notes
Turn   | Place    | Note
-------+----------+-------------------------------------------
     0 | D:1      | Peloso the Minotaur Fighter began the quest for the Orb.
     0 | D:1      | Reached XP level 1. HP: 19/19 MP: 0/0
   133 | D:1      | Reached XP level 2. HP: 27/27 MP: 1/1
   266 | D:1      | Reached XP level 3. HP: 31/33 MP: 2/2
   554 | D:2      | Noticed Natasha
   563 | D:2      | Killed Natasha
   586 | D:2      | Reached XP level 4. HP: 32/40 MP: 3/3
   947 | D:2      | Noticed Natasha
   953 | D:2      | Killed Natasha
  1054 | D:2      | Noticed Natasha
  1059 | D:2      | Killed Natasha
  1107 | D:3      | Reached XP level 5. HP: 45/47 MP: 4/4
  1528 | D:3      | Found an iron altar of Okawaru.
  1546 | D:3      | Found a blossoming altar of Fedhas.
  1548 | D:3      | Became a worshipper of Warmaster Okawaru
  1552 | D:3      | Found a white marble altar of Elyvilon.
  1552 | D:3      | Found an ornate altar of the Wu Jian Council.
  1555 | D:3      | Found an opulent altar of Gozag.
  1557 | D:3      | Found a shadowy altar of Dithmenos.
  1830 | D:3      | Found a shimmering blue altar of Sif Muna.
  1840 | D:3      | Killed from afar by an orc wizard

Illustrated notes

Levels and vault maps discovered:
D:1:      spicycebolla_arrival_ecumenical, layout_rooms
D:2:      layout_basic, uniq_natasha
D:3:      layout_loops_cross, palyth_temple_overflow_mages, minitemple

Skill      XL: |  1  2  3  4 |
---------------+-------------+-----
Fighting       | 4 |  4.7
Armour         | 4 |  4.8
Shields        | 4 |  4.5
Long Blades    | 3 4 |  4.8
Dodging        | |  0.7
Stealth        | |  0.1

Action                     |  1- 3 |  4- 6 || total
---------------------------+-------+-------++-------
  Melee: Long sword        |    56 |    75 ||   131
         Headbutt          |    11 |     9 ||    20
    Use: Potion            |     2 |       ||     2
         Scroll            |     1 |     2 ||     3
 Armour: Scale mail        |    45 |    51 ||    96
  Dodge: Dodged            |    36 |    21 ||    57
  Block: Buckler           |    18 |    19 ||    37
